Map: [ESL] Site Delta

Players

Nicoract

  • Race: Terran Terran
  • Spawn Location: 11:00

MaxPax - Winner!

  • Race: Protoss Protoss
  • Spawn Location: 5:00

Event: ESL SC2 Masters 2024 Spring (Regional)

VOD

Have the link to the VOD?

Description

Time

  • Played on: April 11, 2024, 1:23 p.m.
  • Length: 9:02

All games in this series

Show
View Real Time Build Order
Export as new Build Order

Nicoract Terran 

Build Orders: Reaper Expand 

Get SALT Encoding   

  12  0:00  SCV  
  13  0:12  SCV  
  14  0:17  Supply Depot  
  14  0:24  SCV  
  15  0:38  SCV  
  15  0:39  Barracks  
  16  0:43  Refinery  
  16  0:50  SCV  
  17  1:03  SCV  
  18  1:15  SCV  
  19  1:26  Reaper  
  19  1:27  Orbital Command  
  20  1:45  Command Center  
  20  1:48  Supply Depot  
  20  1:52  SCV  
  21  1:58  Marine  
  22  2:02  Bunker  
  22  2:04  SCV  
  23  2:16  SCV, Barracks Reactor  
  24  2:28  Barracks  
  24  2:29  SCV  
  25  2:30  Barracks  
  25  2:38  Engineering Bay  
  25  2:42  SCV  
  25  2:53  Marine x2  
  25  2:54  SCV  
  25  2:56  Orbital Command  
  28  3:01  Refinery  
  28  3:06  SCV  
  28  3:07  Terran Infantry Weapons Level 1  
  28  3:10  Marine  
  28  3:12  Marine  
  30  3:16  Barracks Tech Lab  
  30  3:18  Barracks Tech Lab  
  31  3:22  SCV  
  31  3:23  SCV  
  33  3:28  Marine  
  33  3:30  Marine  
  34  3:38  SCV x2  
  34  3:41  Stimpack  
  36  3:50  Marauder x2  
  36  3:51  Marine x2  
  42  3:56  Supply Depot  
  42  3:58  SCV x2  
  42  4:00  Combat Shield  
  44  4:06  Missile Turret  
  44  4:10  SCV x2  
  46  4:18  Marauder x2  
  46  4:19  Marine x2  
  46  4:24  Supply Depot  
  52  4:29  SCV, Supply Depot  
  54  4:31  SCV  
  54  4:39  Factory  
  58  4:45  Marauder x2  
  58  4:46  Marine x2  
  58  4:49  SCV x2  
  62  4:54  Supply Depot  
  62  4:57  Refinery  
  62  5:02  SCV  
  62  5:03  SCV, Supply Depot  
  62  5:06  Terran Infantry Armor Level 1  
  64  5:13  Marine x2  
  64  5:14  Marauder x2  
  64  5:17  SCV x2  
  64  5:20  Concussive Shells  
  68  5:24  Starport  
  68  5:28  Factory Reactor  
  68  5:29  SCV x2  
  68  5:34  Marine  
  73  5:36  Marauder  
  73  5:37  Marine  
  73  5:38  Marauder  
  69  5:52  SCV x2  
  69  5:53  Refinery, Marine  
  74  5:57  Marauder  
  74  6:01  Marine  
  74  6:02  Marauder  
  74  6:08  Barracks x2  
  74  6:11  Medivac x2  
  75  6:20  Bunker  
  75  6:21  Bunker  
  75  6:23  Marauder, Marine x2  
  77  6:26  Marauder  
  76  6:41  SCV  
  76  6:42  SCV, Marine  
  76  6:45  Marauder  
  77  6:47  Medivac  
  77  6:48  Medivac  
  77  6:52  Marine  
  77  6:53  Marauder  
  84  6:56  Supply Depot x2, Marine  
  84  6:57  Marine  
  86  7:10  Supply Depot, Marine  
  86  7:12  Marauder  
  86  7:17  Marine x3  
  86  7:18  Marauder  
  86  7:19  Medivac x2  
  95  7:25  SCV x2  
  96  7:34  Marauder, Marine  
  96  7:35  Marine  
  98  7:42  SCV x2  
  98  7:45  Marine  
  98  7:46  Marine, Marauder  
  97  7:51  Marine  
  97  7:53  Marine  
  97  7:55  Marauder  
  98  8:04  Medivac x2  
  98  8:07  Marauder  
  99  8:13  Marine  
  99  8:17  Marauder  
  92  8:21  Marine x3  
  92  8:26  SCV x2  
  97  8:31  Marauder, Marine  
  99  8:38  Marine  
  99  8:39  Marauder  
Show
View Real Time Build Order
Export as new Build Order

MaxPax Protoss - Winner!

Build Orders: 1 Gate Expand, Blink Stalkers 

Get SALT Encoding   

  12  0:00  Probe  
  13  0:12  Probe  
  14  0:16  Pylon  
  14  0:24  Probe (Chrono Boost)  
  16  0:35  Gateway  
  16  0:36  Probe (Chrono Boost)  
  16  0:42  Probe (Chrono Boost)  
  16  0:44  Assimilator  
  17  0:50  Probe  
  18  1:03  Probe  
  19  1:15  Probe  
  20  1:22  Cybernetics Core  
  22  1:30  Nexus  
  22  1:32  Probe  
  21  1:40  Pylon  
  21  1:44  Probe  
  22  1:47  Assimilator  
  22  1:55  Adept (Chrono Boost)  
  22  1:56  Probe  
  22  2:00  Warp Gate  
  25  2:08  Probe  
  25  2:15  Adept (Chrono Boost)  
  26  2:21  Probe  
  29  2:27  Twilight Council  
  29  2:33  Probe  
  30  2:41  Stalker  
  32  2:45  Probe x2  
  34  2:52  Gateway  
  34  2:57  Probe x2  
  36  2:59  Blink (Chrono Boost)  
  36  3:09  Probe x2  
  38  3:19  Robotics Facility  
  38  3:21  Probe x2  
  40  3:33  Probe, Gateway  
  41  3:35  Probe  
  41  3:40  Pylon  
  42  3:45  Probe  
  42  3:47  Probe  
  44  3:51  Pylon  
  44  3:54  Stalker  
  46  3:58  Stalker, Probe  
  49  4:04  Warp Prism (Chrono Boost)  
  49  4:06  Pylon  
  51  4:20  Nexus  
  51  4:25  Stalker  
  51  4:27  Stalker  
  55  4:31  Stalker  
  55  4:32  Observer  
  55  4:33  Probe  
  55  4:34  Probe  
  60  4:39  Assimilator  
  60  4:45  Probe  
  61  4:46  Probe  
  61  4:48  Pylon  
  62  4:56  Stalker x3  
  62  4:58  Probe  
  69  5:01  Probe  
  69  5:04  Pylon  
  68  5:18  Probe x2  
  68  5:22  Stalker x3  
  68  5:26  Forge  
  74  5:30  Charge (Chrono Boost), Probe x2  
  74  5:33  Observer, Probe  
  77  5:42  Probe x2 (Chrono Boost)  
  79  5:45  Probe (Chrono Boost)  
  79  5:49  Observer  
  74  5:50  Stalker x3  
  74  5:54  Probe x2 (Chrono Boost)  
  84  5:57  Probe (Chrono Boost)  
  84  6:01  Probe (Chrono Boost)  
  85  6:07  Observer, Gateway  
  85  6:09  Gateway  
  85  6:10  Gateway  
  85  6:12  Gateway  
  85  6:13  Probe  
  85  6:14  Probe  
  87  6:25  Protoss Ground Weapons Level 1 (Chrono Boost)  
  87  6:28  Gateway  
  87  6:32  Shield Battery  
  87  6:34  Assimilator  
  87  6:36  Pylon  
  87  6:46  Stalker x3  
  93  6:47  Probe x3  
  93  6:48  Observer  
  93  6:53  Robotics Bay  
  96  6:56  Pylon  
  96  6:59  Probe  
  96  7:00  Pylon  
  97  7:01  Immortal (Chrono Boost)  
  97  7:06  Pylon, Nexus  
  101  7:13  Zealot x3, Sentry  
  108  7:23  Zealot x4  
  110  7:37  Pylon, Shield Battery  
  110  7:45  Stalker x6  
  110  7:46  Zealot x2  
  122  7:54  Colossus (Chrono Boost)  
  116  8:07  Zealot x2  
  116  8:12  Zealot x6  
  118  8:20  Gateway  
  118  8:28  Zealot x2  
  118  8:33  Zealot x2  
  124  8:35  Zealot x4  
  130  8:52  Zealot x2  
  122  8:56  Zealot x6  
Tags
 
Add a new tag
Caveats
  • Supply blocks, unpowered buildings, or Contaminate may cause inaccurate times.
  • Supply counts are checked every 10 seconds.